Map: Ice and Chrome LE

Players

Armani

  • Race: Zerg Zerg
  • Spawn Location: 1:00

LiquidClem (Clem) - Winner!

  • Race: Terran Terran
  • League: Bronze
  • Spawn Location: 7:00

Event: War Chest Team League

VOD

Have the link to the VOD?

Description

Time

  • Played on: Aug. 7, 2020, 9:38 a.m.
  • Length: 9:14
Show
View Real Time Build Order
Export as new Build Order

Armani Zerg 

Build Orders: Hatch First 

Get SALT Encoding   

  12  0:00  Drone  
  13  0:13  Overlord  
  13  0:17  Drone  
  14  0:31  Drone  
  14  0:34  Drone  
  16  0:48  Hatchery  
  15  0:52  Drone  
  15  0:56  Drone  
  17  0:58  Drone  
  18  1:10  Extractor  
  17  1:13  Spawning Pool  
  17  1:17  Drone  
  17  1:20  Drone  
  18  1:30  Drone  
  19  1:39  Drone  
  20  1:52  Drone  
  21  2:00  Queen x2  
  26  2:01  Zergling x4  
  27  2:11  Overlord  
  27  2:12  Metabolic Boost  
  27  2:14  Drone  
  28  2:32  Drone x2  
  28  2:34  Drone  
  28  2:36  Queen, Drone  
  34  2:44  Overlord  
  34  2:45  Drone  
  35  2:55  Drone  
  36  3:02  Drone  
  37  3:06  Drone x2  
  37  3:10  Drone x3  
  41  3:14  Roach Warren  
  41  3:18  Extractor  
  39  3:21  Drone  
  39  3:22  Drone  
  41  3:34  Overlord  
  41  3:35  Overlord  
  41  3:52  Hatchery  
  40  3:56  Roach x3  
  40  3:57  Roach x5  
  50  4:07  Zergling x2  
  50  4:08  Zergling x2  
  51  4:11  Overlord  
  51  4:12  Overlord  
  50  4:31  Zergling x8  
  54  4:33  Ravager x2  
  54  4:34  Ravager  
  54  4:36  Zergling x4  
  59  4:41  Ravager  
  59  4:42  Zergling x6  
  63  4:46  Overlord  
  63  4:51  Zergling x8  
  67  5:02  Ravager  
  67  5:04  Zergling x6  
  71  5:11  Zergling x8  
  73  5:18  Drone  
  73  5:19  Drone  
  72  5:21  Drone  
  72  5:22  Drone  
  72  5:23  Drone  
  72  5:25  Drone  
  72  5:28  Drone  
  68  5:32  Drone  
  68  5:34  Drone  
  67  5:41  Drone  
  61  5:45  Drone  
  61  5:46  Drone  
  61  5:48  Drone  
  54  5:50  Drone x3  
  54  5:53  Drone  
  49  5:58  Lair  
  49  5:59  Spore Crawler  
  49  6:00  Spore Crawler  
  49  6:01  Drone  
  49  6:02  Drone  
  49  6:04  Drone  
  49  6:08  Spore Crawler  
  49  6:10  Zergling x6  
  51  6:12  Zergling x2  
  51  6:15  Drone  
  51  6:16  Drone  
  54  6:22  Drone x4  
  54  6:25  Drone  
  59  6:28  Baneling Nest  
  59  6:29  Drone x2  
  60  6:34  Queen  
  60  6:38  Drone x2  
  64  6:46  Drone  
  64  6:47  Queen  
  65  6:48  Zergling x2  
  65  6:49  Zergling x6  
  65  6:52  Overlord  
  65  6:53  Drone  
  72  6:57  Extractor, Drone  
  72  6:58  Extractor  
  72  6:59  Drone  
  72  7:00  Drone  
  72  7:01  Drone  
  74  7:02  Overlord  
  74  7:11  Drone  
  74  7:13  Centrifical Hooks  
  75  7:16  Overlord, Drone  
  75  7:17  Drone x4  
  75  7:20  Overseer  
  80  7:30  Drone  
  80  7:31  Evolution Chamber x2, Drone x2  
  80  7:32  Drone x3  
  80  7:33  Drone  
  80  7:35  Extractor, Drone  
  80  7:36  Extractor  
  79  7:47  Hatchery  
  74  7:53  Drone  
  74  7:54  Drone x6  
  79  8:05  Zergling x8  
  81  8:06  Spire  
  81  8:10  Drone x2  
  81  8:12  Drone  
  80  8:21  Baneling  
  80  8:22  Baneling x8  
  80  8:25  Zergling x6  
  83  8:28  Zergling x10  
  84  8:43  Zergling x12  
  84  8:45  Baneling x2  
  84  8:46  Baneling x5  
  87  8:51  Zergling x6  
  87  8:56  Zergling x8  
Show
View Real Time Build Order
Export as new Build Order

LiquidClem Terran - Winner!

Build Orders: Reaper Expand, Hellion Banshee 

Get SALT Encoding   

  12  0:00  SCV  
  13  0:12  SCV  
  14  0:17  Supply Depot  
  14  0:24  SCV  
  15  0:38  SCV  
  15  0:40  Barracks  
  16  0:44  Refinery  
  16  0:50  SCV  
  17  1:03  SCV  
  18  1:15  SCV  
  19  1:27  Orbital Command, Reaper  
  20  1:38  Command Center  
  20  1:46  Supply Depot  
  20  1:52  SCV  
  21  1:58  Marine  
  22  2:04  SCV  
  23  2:10  Factory  
  23  2:12  Refinery  
  23  2:16  SCV  
  23  2:22  Barracks Reactor  
  24  2:29  SCV  
  25  2:41  SCV  
  26  2:50  Orbital Command  
  26  2:53  SCV  
  26  2:56  Starport  
  27  3:03  Hellion x2  
  27  3:05  SCV  
  32  3:06  Barracks Tech Lab  
  32  3:16  SCV  
  32  3:17  SCV  
  32  3:19  Supply Depot  
  34  3:25  Hellion x2  
  38  3:30  SCV  
  38  3:31  SCV  
  40  3:35  Viking  
  41  3:43  SCV x2  
  41  3:44  Supply Depot  
  41  3:48  Hellion  
  45  3:49  Hellion  
  47  3:55  SCV  
  47  3:56  SCV  
  47  3:58  Marine  
  48  4:04  Bunker  
  48  4:08  SCV  
  48  4:09  Supply Depot  
  50  4:16  Hellion x2  
  54  4:21  SCV  
  52  4:24  SCV  
  52  4:25  Barracks Tech Lab  
  52  4:26  Banshee  
  52  4:31  Command Center  
  56  4:36  SCV x2  
  58  4:44  Hellion  
  58  4:45  Hellion  
  62  4:48  SCV  
  62  4:50  Stimpack  
  62  4:52  Marauder, Supply Depot  
  65  4:54  SCV  
  66  5:00  SCV  
  66  5:02  Barracks  
  66  5:03  Barracks  
  66  5:06  SCV  
  67  5:07  Hellion  
  67  5:09  Hellion  
  67  5:12  Marine, SCV  
  67  5:13  Banshee  
  64  5:19  SCV  
  61  5:25  SCV  
  59  5:30  Marine  
  59  5:31  SCV  
  59  5:32  Hellion x2  
  64  5:37  SCV  
  65  5:43  SCV  
  65  5:48  Marine  
  65  5:49  SCV  
  66  5:55  Hellion, SCV  
  63  6:01  SCV  
  64  6:06  Marine  
  64  6:08  Supply Depot  
  65  6:13  Command Center  
  65  6:20  SCV  
  65  6:21  Barracks Reactor, SCV  
  65  6:24  Marine  
  68  6:27  Starport Reactor  
  68  6:28  Engineering Bay  
  68  6:29  Engineering Bay  
  68  6:33  Marine x2, SCV x2  
  68  6:34  Supply Depot, Siege Tank  
  75  6:40  Refinery  
  75  6:41  Combat Shield, Refinery  
  75  6:42  Marine  
  75  6:45  SCV x2  
  78  6:51  Supply Depot  
  78  6:55  Marine x2  
  78  6:56  Terran Infantry Armor Level 1, Terran Infantry Weapons Level 1  
  78  6:57  SCV x2  
  78  6:58  Marine x2  
  78  6:59  Marine  
  85  7:01  Supply Depot  
  85  7:09  SCV  
  85  7:12  Medivac x2, SCV  
  85  7:13  Marine x2  
  93  7:16  Supply Depot, Marine  
  94  7:23  Siege Tank, SCV  
  94  7:24  Marine  
  94  7:25  Marine  
  94  7:26  SCV  
  94  7:27  SCV  
  102  7:32  Marine x2  
  102  7:35  Marine, SCV  
  106  7:38  SCV  
  106  7:42  Marine  
  106  7:43  Marine  
  109  7:46  Supply Depot  
  109  7:47  Supply Depot, SCV  
  109  7:50  Marine  
  111  7:53  Medivac x2  
  111  7:55  Marine  
  111  7:57  SCV  
  114  7:59  SCV  
  114  8:03  Marine x2  
  120  8:05  Siege Tank  
  120  8:12  Armory  
  121  8:14  Orbital Command  
  121  8:17  Supply Depot, Marine, SCV  
  121  8:19  Marine x2  
  123  8:24  Barracks  
  123  8:25  Barracks  
  124  8:31  Marine x2  
  126  8:35  Marine  
  126  8:37  Marine  
  124  8:42  Marine  
  124  8:43  Medivac  
  124  8:44  Medivac  
  127  8:49  Marine x2  
  127  8:52  Command Center, Marine  
  127  8:53  SCV  
  126  8:56  Marine  
Tags
 
Add a new tag
Caveats
  • Supply blocks, unpowered buildings, or Contaminate may cause inaccurate times.
  • Supply counts are checked every 10 seconds.